 Dungeon Crawl Stone Soup version 0.31-a0-986-g5e6e4ef867 (webtiles) character file.

Game seed: 12769160375480162323

20 jlumianski the Ruffian (level 2, -2/23 HPs)
             Began as a Gnoll Shapeshifter on Nov 4, 2023.
             Slain by a worm (11 damage)
             ... on level 1 of the Dungeon.
             The game lasted 00:02:38 (394 turns).

jlumianski the Ruffian (Gnoll Shapeshifter)          Turns: 394, Time: 00:02:39

Health: -2/23      AC:  2    Str: 13    XL:     2   Next: 79%
Magic:  2/2        EV: 12    Int:  9    God:
Gold:   12         SH:  3    Dex: 11    Spells: 2/2 levels left

rFire   . .          .
                       - Unarmed
rCold   . . .        f - +0 buckler
rNeg    . . .        a - +0 animal skin
rPois   .            (helmet currently unavailable)
rElec   .            (cloak currently unavailable)
rCorr   .            (gloves currently unavailable)
SInv    .            (boots currently unavailable)
Will    .....        (no amulet)
Stlth   +            (no ring)
HPRegen 0.23/turn    (no ring)
MPRegen 0.08/turn

%: no passive effects
@: beast-form
A: beast (slay +3), fangs 1, strong nose, distributed training
a: Begin Untransformation


You were on level 1 of the Dungeon.
You were a hulking beast.
You visited 1 branch of the dungeon, and saw 2 of its levels.

You collected 12 gold pieces.

Inventory:

Missiles
 g - a stone
Armour
 a - a +0 animal skin (worn)
 f - a +0 buckler (worn)
Talismans
 c - a beast talisman
 d - a flux talisman
 e - a talisman of death
Potions
 b - a potion of lignification


   Skills:
 + Level 2.5 Fighting
 + Level 0.5 Short Blades
 + Level 0.5 Long Blades
 + Level 0.5 Axes
 + Level 0.5 Maces & Flails
 + Level 0.5 Polearms
 + Level 0.5 Staves
 + Level 0.5 Ranged Weapons
 + Level 0.5 Throwing
 + Level 0.5 Armour
 + Level 4.5 Dodging
 + Level 0.5 Stealth
 + Level 0.5 Shields
 + Level 6.5 Unarmed Combat
 + Level 0.5 Spellcasting
 + Level 0.4 Conjurations
 + Level 0.4 Hexes
 + Level 0.4 Summonings
 + Level 0.4 Necromancy
 + Level 0.4 Translocations
 + Level 0.4 Transmutations
 + Level 0.4 Fire Magic
 + Level 0.4 Ice Magic
 + Level 0.4 Air Magic
 + Level 0.4 Earth Magic
 + Level 0.4 Poison Magic
 + Level 0.7 Invocations
 + Level 0.5 Evocations
 + Level 6.5 Shapeshifting


You had 2 spell levels left.
You didn't know any spells.
Your spell library was empty.

Dungeon Overview and Level Annotations

Branches:
Dungeon (2/15)

Altars:


Innate Abilities, Weirdness & Mutations

You are a hulking beast.
Your limbs bulge with bestial killing power. (Slay +3)
You have very sharp teeth.
Your uncanny sense of smell can sniff out nearby items.
Your experience applies equally to all skills.


Message History

The ball python grabs you. The ball python constricts you.
The jackal bites you. The jackal closely misses you.
You escape the ball python's grasp.
The jackal closely misses you.
The ball python bites you but does no damage.
The ball python grabs you. The ball python constricts you.
You escape the ball python's grasp.
The jackal attacks as it pursues you! The jackal completely misses you.
The jackal barely misses you. The jackal attacks as it pursues you!
The jackal bites you but does no damage.
You punch the jackal!
You kill the jackal!
The jackal bites you.
You barely miss the jackal. The jackal barely misses you.
You punch the jackal!
You kill the jackal!
You barely miss the ball python.
The ball python bites you but does no damage.
The ball python grabs you. The ball python constricts you.
You punch the ball python!
You kill the ball python!
The goblin closely misses you.
You hit the goblin.
You kill the goblin!
You see here a +0 club.
You start resting.
HP restored.
There is a stone staircase leading down here.
You climb downwards.
The worm bites you!
There is a stone staircase leading up, spattered with blood here.
You climb upwards.
There is a stone staircase leading down here.
You punch the worm!
The worm is heavily wounded.
The worm bites you!
You barely miss the worm.
The worm is heavily wounded.
You completely miss the worm. You bite the worm.
The worm is severely wounded.
The worm bites you!
You die...

##### #...# ###### #.#.#
#..... #.#.# #..... #.#.#
#.....
######.#)###########.....
#.)....#.#.........+.....
#.##.......#########.....
#.##....h...........#####
∆..##...w.##########..####
∆..############### ##....#
... #......# ###.# ...S
#......# #.# #....
#......# #.#
#####......########..
#...'..[...'.........
#.###......#########.


You could see a worm.

Vanquished Creatures
  A dart slug (D:1)
  5 ball pythons (D:1)
  An endoplasm (D:1)
  A goblin (D:1)
  2 jackals (D:1)
  A quokka (D:1)
  2 frilled lizards (D:1)
  A giant cockroach (D:1)
  3 kobolds (D:1)
  A rat (D:1)
18 creatures vanquished.

Notes
Turn   | Place    | Note
-------+----------+-------------------------------------------
     0 | D:1      | jlumianski the Gnoll Shapeshifter began the quest for the
                  | Orb.
     0 | D:1      | Reached XP level 1. HP: 17/17 MP: 1/1
   140 | D:1      | Reached XP level 2. HP: 1/23 MP: 2/2
   394 | D:1      | Slain by a worm

Illustrated notes

Levels and vault maps discovered:
D:1:      heliophobic_arrival_glass_houses, layout_basic, basic_ecumenical_altar
D:2:      kb_forest_paths, layout_basic, basic_altar, uniq_crazy_yiuf_cottage

Action                     || total
---------------------------++-------
  Melee: Unarmed           ||    38
         Bite              ||     2
 Armour: Animal skin       ||    21
  Dodge: Dodged            ||    30
  Block: Buckler           ||     7

Table legend: (Time is in decaauts)
 A = Elapsed time spent in this place.
 B = Non-inter-level travel time spent in this place.
 C = Inter-level travel time spent in this place.
 D = Time resting spent in this place.
 E = Time spent auto-exploring this place.
 F = Levels seen in this place.
 G = Mean time per level.
                   A        B        C        D        E       F      G
               +--------+--------+--------+--------+--------+-----+--------+
         Total |    393 |    393 |      0 |     96 |    114 |   2 |  196.5 |
       Dungeon |    393 |    393 |      0 |     96 |    114 |   2 |  196.5 |
               +--------+--------+--------+--------+--------+-----+--------+

Top non-repeatable levels by time:
     D:1: 386 daAuts
     D:2: 6 daAuts
